Map: Catalyst LE

Players

Test

  • Race: Terran Terran
  • Spawn Location: 11:00

Alchemy - Winner!

  • Race: Protoss Protoss
  • League: Gold
  • Spawn Location: 5:00

VOD

Have the link to the VOD?

Description

Time

  • Played on: May 15, 2018, 4:14 p.m.
  • Length: 6:08
Show
View Real Time Build Order
Export as new Build Order

Test Terran 

Build Orders:  

Get SALT Encoding   

  12  0:00  SCV  
  13  0:12  SCV  
  14  0:22  Supply Depot  
  14  0:24  SCV  
  15  0:30  Refinery  
  15  0:44  SCV  
  15  0:49  Barracks  
  16  0:56  SCV  
  17  1:09  SCV  
  18  1:21  SCV  
  19  1:35  Marine  
  20  1:41  Command Center  
  20  1:47  Orbital Command  
  20  1:53  Marine  
  21  2:00  Refinery  
  21  2:09  Factory  
  21  2:18  SCV  
  22  2:29  Barracks Tech Lab  
  22  2:30  SCV, Supply Depot  
  23  2:44  Barracks  
  23  2:52  SCV, Supply Depot  
  23  2:54  Marine  
  25  3:03  Orbital Command  
  25  3:08  Factory Tech Lab  
  25  3:11  Stimpack  
  25  3:24  Marine  
  26  3:31  SCV x2  
  26  3:33  Barracks Reactor  
  28  3:42  Marine  
  28  3:43  SCV  
  28  3:44  SCV  
  31  3:51  Engineering Bay  
  31  3:55  Starport  
  31  4:00  Marine  
  31  4:01  SCV  
  33  4:03  SCV  
  34  4:15  Armory  
  34  4:18  Marine  
  34  4:19  SCV x2, Refinery  
  37  4:27  Marine x2  
  39  4:32  Medivac  
  39  4:35  SCV  
  39  4:36  Marine  
  43  4:40  Missile Turret  
  43  4:45  Marine, Missile Turret  
  44  4:46  SCV  
  44  4:50  SCV  
  46  4:58  SCV  
  37  5:10  Marine x2  
  37  5:11  Marine  
  35  5:28  Marine x3  
  19  5:46  Marine x3  
Show
View Real Time Build Order
Export as new Build Order

Alchemy Protoss - Winner!

Build Orders: Dark Templar Rush 

Get SALT Encoding   

  12  0:01  Probe  
  13  0:13  Probe  
  14  0:20  Pylon  
  14  0:25  Probe  
  15  0:38  Probe  
  15  0:39  Gateway  
  16  0:49  Assimilator  
  16  0:51  Probe  
  17  1:03  Probe  
  18  1:15  Probe  
  19  1:26  Cybernetics Core  
  19  1:27  Probe  
  20  1:39  Gateway, Probe  
  21  1:42  Warp Gate  
  21  1:46  Assimilator  
  21  1:47  Pylon  
  21  1:53  Probe  
  22  2:06  Probe  
  23  2:21  Twilight Council  
  23  2:23  Pylon  
  22  2:58  Gateway  
  22  2:59  Gateway  
  22  3:03  Dark Shrine  
  22  4:15  Dark Templar x2  
  22  4:16  Dark Templar  
  28  4:18  Dark Templar  
  30  4:35  Pylon  
  30  4:45  Gateway x2  
  30  4:51  Zealot  
  30  4:52  Zealot x3  
  38  5:20  Dark Templar x2  
  42  6:02  Dark Templar x2  
Tags
 
Add a new tag
Caveats
  • Supply blocks, unpowered buildings, or Contaminate may cause inaccurate times.
  • Supply counts are checked every 10 seconds.